Map: Carnage sur Korhal EC

Players

PixeL - Winner!

  • Race: Zerg Zerg
  • League: Master

GlaDe

  • Race: Zerg Zerg
  • League: Master

VOD

Have the link to the VOD?

Description

Time

  • Played on: March 28, 2016, 6:56 p.m.
  • Length: 14:41
Show
View Real Time Build Order
Export as new Build Order

PixeL Zerg - Winner!

Build Orders: Pool First, Zergling Baneling 

Get SALT Encoding   

  12  0:00  Drone  
  13  0:08  Extractor  
  12  0:25  Spawning Pool  
  11  0:30  Drone  
  12  0:36  Drone  
  12  0:42  Drone  
  14  0:55  Overlord  
  14  1:11  Metabolic Boost  
  14  1:13  Zergling x2  
  14  1:16  Zergling x2  
  16  1:23  Zergling x2  
  17  1:32  Baneling Nest  
  17  1:38  Zergling x2  
  17  1:44  Zergling x2  
  18  1:49  Zergling x2  
  19  1:58  Zergling x2  
  20  2:08  Zergling x2  
  21  2:16  Baneling x2  
  21  2:20  Zergling x2  
  21  2:50  Zergling x4  
  20  3:04  Zergling x4  
  20  3:22  Zergling x2  
  20  3:29  Hatchery  
  20  3:30  Queen  
  20  3:31  Overlord  
  21  3:43  Baneling x3  
  21  3:44  Baneling  
  14  4:05  Zergling x6  
  17  4:17  Spine Crawler  
  17  4:19  Zergling x2  
  17  4:23  Baneling x2  
  17  4:24  Baneling x2  
  17  4:28  Zergling x2  
  18  4:43  Zergling x4  
  20  4:48  Drone  
  21  4:57  Zergling x4  
  23  5:06  Drone x3  
  26  5:13  Drone  
  26  5:14  Drone  
  28  5:22  Overlord  
  28  5:28  Zergling x2  
  28  5:35  Zergling x4  
  30  5:38  Baneling x3  
  30  5:55  Drone x4  
  34  6:06  Lair  
  34  6:08  Drone x2  
  36  6:20  Drone  
  36  6:21  Drone x3  
  40  6:37  Extractor  
  40  6:38  Queen  
  40  6:39  Drone x3  
  44  6:47  Overlord x2  
  44  7:15  Spire  
  42  7:16  Drone  
  43  7:27  Overlord x2  
  43  7:29  Overlord  
  43  7:31  Drone, Extractor  
  43  7:32  Drone x2, Extractor  
  44  7:50  Drone  
  44  7:51  Drone x3  
  46  8:26  Mutalisk x6  
  46  8:30  Drone  
  46  8:31  Drone x2  
  61  8:36  Drone x3  
  61  8:39  Drone x3  
  67  8:50  Drone x2  
  67  8:52  Zerg Flyer Weapons Level 1  
  69  9:06  Mutalisk x3  
  75  9:10  Overlord x2  
  75  9:32  Mutalisk x3  
  81  9:51  Mutalisk x2  
  85  9:53  Overlord x3  
  85  9:54  Overlord  
  85  10:20  Mutalisk x3  
  91  10:33  Mutalisk  
  91  10:34  Mutalisk  
  95  10:40  Spore Crawler  
  95  10:42  Spore Crawler  
  93  10:50  Zerg Flyer Armor Level 1  
  93  10:54  Spore Crawler  
  92  11:19  Extractor  
  92  11:22  Hatchery  
  90  11:28  Mutalisk x4  
  90  11:30  Extractor  
  90  11:32  Baneling x2  
  97  11:42  Drone, Spore Crawler  
  98  11:54  Hatchery  
  96  12:11  Mutalisk x4  
  102  12:41  Hatchery  
  99  12:52  Drone  
  99  12:53  Drone x3  
  99  12:54  Drone x2  
  99  12:55  Mutalisk x3  
  110  13:16  Zergling x2  
  110  13:17  Zergling x28  
  125  13:26  Overlord x5  
  125  13:32  Spore Crawler  
  125  13:33  Spore Crawler  
  123  13:38  Baneling x7  
  123  13:39  Baneling  
  123  13:46  Mutalisk x4  
  131  13:58  Spore Crawler  
  131  13:59  Spore Crawler  
  131  14:00  Drone x2  
  131  14:02  Spore Crawler  
  120  14:14  Mutalisk x4  
  128  14:22  Drone  
  128  14:23  Drone x9  
Show
View Real Time Build Order
Export as new Build Order

GlaDe Zerg 

Build Orders: Hatch First 

Get SALT Encoding   

  12  0:01  Drone  
  13  0:12  Overlord  
  13  0:18  Drone  
  14  0:31  Drone x2  
  14  0:35  Drone  
  17  0:53  Hatchery  
  17  0:56  Drone  
  17  1:00  Extractor  
  16  1:12  Spawning Pool  
  16  1:15  Drone  
  16  1:19  Drone  
  16  1:23  Drone  
  18  1:28  Drone  
  19  1:38  Overlord  
  19  1:59  Queen  
  19  2:00  Zergling x4  
  23  2:04  Baneling Nest  
  23  2:07  Spine Crawler  
  21  2:09  Zergling x2  
  21  2:13  Zergling x2  
  23  2:16  Zergling x2  
  24  2:23  Zergling x2  
  25  2:30  Zergling x2  
  26  2:41  Zergling x2  
  19  2:51  Zergling x2  
  19  2:52  Zergling x4  
  19  2:55  Zergling x2  
  21  2:58  Zergling x2  
  17  3:26  Zergling x4  
  18  3:31  Baneling, Zergling x6  
  21  3:35  Zergling x2  
  20  3:57  Metabolic Boost  
  13  4:05  Queen  
  13  4:07  Baneling x3  
  13  4:08  Baneling  
  15  4:14  Drone  
  16  4:21  Zergling x2  
  17  4:27  Drone  
  18  4:38  Drone  
  19  4:47  Overlord  
  19  4:58  Zergling x2  
  20  5:04  Queen  
  22  5:10  Drone  
  23  5:14  Drone x2  
  23  5:16  Drone  
  26  5:22  Overlord  
  26  5:34  Overlord  
  24  5:46  Zergling x6  
  26  6:05  Zergling x2  
  26  6:09  Drone, Hatchery  
  27  6:15  Baneling x2  
  27  6:16  Baneling, Zergling x2  
  27  6:17  Zergling x2  
  29  6:31  Overlord  
  29  6:37  Zergling x4  
  31  6:44  Overlord  
  31  6:52  Zergling x4  
  31  6:53  Zergling x2  
  34  6:57  Overlord  
  34  7:06  Drone  
  35  7:17  Zergling x2  
  35  7:26  Drone x2  
  35  7:27  Drone x2  
  38  7:39  Overlord  
  38  7:40  Roach Warren, Drone  
  38  7:43  Drone  
  39  7:55  Zergling x8  
  42  8:01  Lair  
  42  8:04  Drone  
  43  8:08  Drone x2  
  43  8:10  Drone  
  46  8:13  Drone  
  46  8:16  Drone  
  48  8:27  Overlord  
  48  8:30  Drone x3, Extractor  
  48  8:32  Extractor  
  48  8:33  Extractor  
  48  8:38  Overlord  
  48  8:40  Drone x2  
  50  8:42  Drone  
  50  8:45  Drone  
  50  8:48  Drone  
  53  8:51  Drone  
  54  9:00  Spire  
  54  9:02  Spore Crawler  
  52  9:06  Spore Crawler  
  51  9:16  Drone x2  
  52  9:18  Drone x2  
  52  9:19  Drone  
  55  9:25  Spore Crawler  
  55  9:30  Spore Crawler  
  53  9:38  Queen  
  54  9:48  Overlord  
  54  9:50  Drone  
  54  9:51  Drone x3  
  54  9:52  Overlord  
  58  10:07  Overlord  
  58  10:12  Mutalisk x3  
  61  10:14  Mutalisk  
  61  10:20  Mutalisk  
  65  10:26  Mutalisk  
  65  10:28  Overlord  
  67  10:41  Spawning Pool  
  67  10:42  Mutalisk  
  68  10:45  Mutalisk  
  70  10:51  Extractor  
  70  10:53  Mutalisk  
  70  10:55  Mutalisk  
  73  11:00  Mutalisk  
  75  11:17  Mutalisk x3  
  81  11:22  Mutalisk  
  83  11:29  Mutalisk  
  85  11:34  Overlord  
  85  11:35  Drone x2  
  87  11:44  Mutalisk x2  
  91  11:53  Overlord  
  91  11:54  Mutalisk  
  89  12:05  Mutalisk, Overlord  
  91  12:11  Zergling x6  
  91  12:13  Zergling x2  
  95  12:20  Mutalisk  
  95  12:25  Spore Crawler  
  91  12:37  Mutalisk  
  91  12:38  Mutalisk  
  91  12:41  Zergling x8  
  94  12:53  Zergling x4  
  95  13:12  Mutalisk x2  
  92  13:13  Mutalisk  
  92  13:14  Overlord  
  96  13:26  Mutalisk  
  98  13:27  Overlord  
  98  13:48  Zergling x6  
  99  13:49  Hatchery  
  99  13:55  Mutalisk, Zergling x2  
  93  14:08  Mutalisk x2, Zergling x2  
  86  14:12  Mutalisk x2  
  86  14:16  Zergling x2  
Tags
 
Add a new tag
Caveats
  • Supply blocks, unpowered buildings, or Contaminate may cause inaccurate times.
  • Supply counts are checked every 10 seconds.